PITTSBURGH Penguins vs BOSTON Bruins

Created - 3 mars 2024 at 14:48

Goals
1 2 3 T
PITTSBURGH Penguins 1 1 2 4
BOSTON Bruins 0 1 1 2
Shots
1 2 3 T
PITTSBURGH Penguins 5 13 12 30
BOSTON Bruins 21 14 8 43

1st period

1. PITTSBURGH Penguins , Evgeni Malkin 10 (Patrik Laine 18, Jason Robertson 22) at 5:16 (PP)

Penalties :
Victor Hedman (BOS) for Cross-checking (Minor) at 4:51, Brad Marchand (BOS) for Slashing (Minor) at 6:29, Jordan Staal (PIT) for Holding (Minor) at 14:01, Brandon Carlo (PIT) for Cross-checking (Minor) at 19:50

2nd period

2. PITTSBURGH Penguins , Tanner Pearson 4 (Patrik Laine 19, Thomas Chabot 15) at 4:39 (PP)
3. BOSTON Bruins , Victor Hedman 7 (Joel Eriksson Ek 21, Tomas Hertl 13) at 6:42 (PP)

Penalties :
Frank Vatrano (BOS) for Cross-checking (Minor) at 4:06, Jordan Staal (PIT) for Roughing (Minor) at 6:36, Andrew Peeke (BOS) for Roughing (Minor) at 9:03

3rd period

4. PITTSBURGH Penguins , Brandon Carlo 1 (Jason Robertson 23, Jordan Kyrou 10) at 0:16
5. BOSTON Bruins , Bo Horvat 17 (Victor Hedman 26, Adrian Kempe 16) at 12:49 (PP)
6. PITTSBURGH Penguins , Adam Pelech 7 (Barclay Goodrow 15, Jesse Puljujarvi 6) at 18:47

Penalties :
Brad Marchand (BOS) for Holding (Minor) at 4:02, Jaycob Megna (BOS) for Interference (Minor) at 8:26, Adam Pelech (PIT) for High sticking (Minor) at 11:04, Joel Eriksson Ek (BOS) for Holding (Minor) at 14:44

Goalie Stats

Cam Talbot (PIT), 41 saves from 43 shots - (0,953), W, 15-15-3, 60:00 minutes
Tristan Jarry (BOS), 26 saves from 30 shots - (0,867), L, 18-17-2, 60:00 minutes

Players Stats for PITTSBURGH Penguins

Player Name              G  A  P  +/- PIM S  H  SB GA TA FO     MP     PP MP  PK MP  
------------------------------------------------------------------------------------
Adam Pelech              1  0  1   1  2   4  1  2  0  0  0/0    22:47   4:50   2:02 
Alexander Volkov         0  0  0   0  0   0  0  0  0  0  0/0     7:04   0:10   0:00 
Barclay Goodrow          0  1  1   1  0   3  5  0  0  0  10/24  17:24   4:46   1:32 
Brandon Carlo            1  0  1   1  2   3  4  1  0  0  0/0    18:42   0:00   2:05 
Connor Clifton           0  0  0   1  0   0  2  3  0  0  0/0    16:09   0:00   0:42 
Evgeni Malkin            1  0  1   1  0   4  2  1  0  0  16/36  23:34   6:07   4:17 
Gabriel Vilardi          0  0  0   0  0   0  0  0  0  0  1/5     6:54   0:00   0:00 
Jake Guentzel            0  0  0   0  0   2  1  0  0  0  0/4    19:47   6:07   1:32 
Jason Robertson          0  2  2   1  0   1  1  0  0  0  0/1    23:34   6:07   4:17 
Jesse Puljujarvi         0  1  1   1  0   1  2  0  0  0  0/1    11:06   0:00   0:00 
Jordan Kyrou             0  1  1   1  0   0  1  0  0  0  0/1    17:46   4:36   0:00 
Jordan Staal             0  0  0   0  4   1  1  0  0  0  11/19  12:06   0:00   0:00 
Nate Schmidt             0  0  0   0  0   0  1  0  0  0  0/0    19:36   4:50   4:02 
Patrik Laine             0  2  2   0  0   3  0  0  0  0  0/1    18:11   6:03   0:00 
Robert Bortuzzo          0  0  0   0  0   1  4  0  0  0  0/0    10:58   0:00   0:14 
Tanner Pearson           1  0  1   1  0   1  0  0  0  0  1/2    15:52   4:46   0:00 
Thomas Chabot            0  1  1   1  0   5  3  0  0  0  0/0    25:43   6:03   2:33 
Yakov Trenin             0  0  0   0  0   1  0  1  0  0  0/0     6:54   0:00   0:00 

Players Stats for BOSTON Bruins

Player Name              G  A  P  +/- PIM S  H  SB GA TA FO     MP     PP MP  PK MP  
------------------------------------------------------------------------------------
Adam Lowry               0  0  0   0  0   1  0  0  0  0  18/24  11:51   0:00   7:13 
Adrian Kempe             0  1  1  -1  0   9  3  0  0  0  1/1    18:02   3:09   0:41 
Andrew Peeke             0  0  0  -1  2   1  3  2  0  0  0/0    19:24   0:00   5:56 
Blake Wheeler            0  0  0   0  0   0  0  0  0  0  3/3    11:10   0:00   0:00 
Bo Horvat                1  0  1  -1  0   8  3  0  0  0  13/24  17:50   3:09   0:29 
Brad Hunt                0  0  0  -1  0   0  0  0  0  0  0/0    15:08   0:00   0:00 
Brad Marchand            0  0  0  -1  4   2  1  0  0  0  0/0    21:56   3:09   4:37 
Frank Vatrano            0  0  0  -1  2   1  2  0  0  0  0/3    18:01   2:40   2:04 
Jaycob Megna             0  0  0  -1  2   1  3  1  0  0  0/0    15:34   0:00   0:27 
Joel Eriksson Ek         0  1  1  -1  2   4  2  1  0  0  8/19   17:54   2:40   1:57 
Kirill Kaprizov          0  0  0  -1  0   0  0  0  0  0  0/2    16:24   3:06   0:00 
Matt Dumba               0  0  0  -1  0   2  0  2  0  0  0/0    22:04   2:43   5:52 
Michael Pezzetta         0  0  0   0  0   2  1  0  0  0  0/0     4:38   0:00   0:00 
Nathan Walker            0  0  0   0  0   0  0  0  0  0  0/0    14:03   0:00   2:53 
Phil Kessel              0  0  0   0  0   2  0  0  0  0  0/0     4:38   0:00   0:00 
Shea Theodore            0  0  0   0  0   1  1  2  0  0  0/0    21:27   2:43   4:03 
Tomas Hertl              0  1  1   0  0   4  0  0  0  0  12/18  15:04   2:40   1:14 
Victor Hedman            1  1  2   0  2   5  1  4  0  0  0/0    23:52   3:06   6:06 

3 Stars

1 - Cam Talbot (PIT)
2 - Evgeni Malkin (PIT)
3 - Brandon Carlo (PIT)

Power Play

PITTSBURGH Penguins - 2 on 7 Attempt(s) - 28,57%
BOSTON Bruins - 2 on 4 Attempt(s) - 50,00%

Penalty Kill

PITTSBURGH Penguins - 2 on 4 Attempt(s) - 50,00% - Score 0 goal in Penalty Kill
BOSTON Bruins - 5 on 7 Attempt(s) - 71,43% - Score 0 goal in Penalty Kill

Team Stat

PITTSBURGH Penguins - Hits : 28 - Faceoff Wins : 39 - Blocked Shots : 8 - Penalty Minutes : 8
BOSTON Bruins - Hits : 20 - Faceoff Wins : 55 - Blocked Shots : 12 - Penalty Minutes : 14

Official

Referees : Shauna Neary and Ghislain Hebert
Linesman : Justin Johnson and Bevan Mills

Game Notes

No Game Note

Finance

Level 1 -- Attendance: 5375 (89,58%) -- Ticket Income $537,500
Level 2 -- Attendance: 4029 (80,58%) -- Ticket Income $241,740
Level 3 -- Attendance: 1903 (95,15%) -- Ticket Income $66,605
Level 4 -- Attendance: 4000 (100,00%) -- Ticket Income $80,000
Luxury Box -- Attendance: 742 (74,20%) -- Ticket Income $148,400
Game was played at the TD Garden.
Total Attendance: 16049 (89,16%)
Total Ticket Income: $1,074,245
Other Income: $268,561
Total Income: $1,342,806

PITTSBURGH Penguins

5 vs 5 Forward 
   Center                   Left Wing                Right Wing               Time % Phy DF OF 
 1 Evgeni Malkin            Jason Robertson          Jordan Kyrou             34     1   1  3  
 2 Jordan Staal             Jake Guentzel            Patrik Laine             30     1   1  3  
 3 Barclay Goodrow          Tanner Pearson           Jesse Puljujarvi         24     1   1  3  
 4 Gabriel Vilardi          Alexander Volkov         Yakov Trenin             12     1   3  1  

5 vs 5 Defense 
   Defense                  Defense                                           Time % Phy DF OF 
 1 Thomas Chabot            Brandon Carlo                                     38     1   1  3  
 2 Connor Clifton           Adam Pelech                                       36     1   3  1  
 3 Nate Schmidt             Robert Bortuzzo                                   26     1   4  0  
 4 Thomas Chabot            Adam Pelech                                       0      1   4  0  

PowerPlay Forward 
   Center                   Left Wing                Right Wing               Time % Phy DF OF 
 1 Evgeni Malkin            Jason Robertson          Jake Guentzel            65     0   0  5  
 2 Barclay Goodrow          Jordan Kyrou             Tanner Pearson           35     0   1  4  

PowerPlay Defense
   Defense                  Defense                                           Time % Phy DF OF 
 1 Patrik Laine             Thomas Chabot                                     65     0   0  5  
 2 Adam Pelech              Nate Schmidt                                      35     0   1  4  

Penalty Kill 4 Players Forward 
   Center                   Wing                     Time % Phy DF OF 
 1 Evgeni Malkin            Jason Robertson          60     1   4  0  
 2 Barclay Goodrow          Jake Guentzel            40     0   5  0  

Penalty Kill 4 Players Defense
   Defense                  Defense                  Time % Phy DF OF 
 1 Nate Schmidt             Thomas Chabot            60     1   4  0  
 2 Brandon Carlo            Adam Pelech              40     1   4  0  

Penalty Kill - 3 Players Forward 
   Forward                                           Time % Phy DF OF 
 1 Jason Robertson                                   50     0   5  0  
 2 Barclay Goodrow                                   50     0   5  0  

Penalty Kill - 3 Players Defense
   Defense                  Defense                  Time % Phy DF OF 
 1 Thomas Chabot            Nate Schmidt             70     1   4  0  
 2 Brandon Carlo            Adam Pelech              30     1   4  0  

4 vs 4 Forward 
   Center                   Wing                     Time % Phy DF OF 
 1 Patrik Laine             Jason Robertson          60     0   2  3  
 2 Evgeni Malkin            Jake Guentzel            40     0   2  3  

4 vs 4 Defense
   Defense                  Defense                  Time % Phy DF OF 
 1 Thomas Chabot            Adam Pelech              58     1   2  2  
 2 Nate Schmidt             Connor Clifton           42     1   2  2  

Last Minutes Offensive
   Center                   Left Wing                Right Wing               Defense                  Defense                  
   Jordan Kyrou             Evgeni Malkin            Jason Robertson          Nate Schmidt             Thomas Chabot            

Last Minutes Defensive
   Center                   Left Wing                Right Wing               Defense                  Defense                  
   Jordan Kyrou             Barclay Goodrow          Yakov Trenin             Adam Pelech              Brandon Carlo            

Goaltenders
Starting : Cam Talbot               
Backup : Elvis Merzlikins         

Extra Forwards
Normal : Patrik Laine, Evgeni Malkin, Barclay Goodrow - PP : Patrik Laine, Evgeni Malkin - PK : Patrik Laine
Extra Defensemen
Normal : Nate Schmidt, Adam Pelech, Thomas Chabot - PP : Nate Schmidt - PK : Nate Schmidt, Adam Pelech
Penalty Shots
Jason Robertson, Evgeni Malkin, Jake Guentzel, Barclay Goodrow, Patrik Laine

Scratches
None

BOSTON Bruins

5 vs 5 Forward 
   Center                   Left Wing                Right Wing               Time % Phy DF OF 
 1 Bo Horvat                Brad Marchand            Adrian Kempe             38     1   2  2  
 2 Joel Eriksson Ek         Kirill Kaprizov          Frank Vatrano            34     1   2  2  
 3 Tomas Hertl              Nathan Walker            Blake Wheeler            20     1   2  2  
 4 Adam Lowry               Michael Pezzetta         Phil Kessel              8      1   2  2  

5 vs 5 Defense 
   Defense                  Defense                                           Time % Phy DF OF 
 1 Victor Hedman            Shea Theodore                                     43     1   2  2  
 2 Andrew Peeke             Matt Dumba                                        41     1   3  1  
 3 Jaycob Megna             Brad Hunt                                         16     2   2  1  
 4 Victor Hedman            Shea Theodore                                     0      1   2  2  

PowerPlay Forward 
   Center                   Left Wing                Right Wing               Time % Phy DF OF 
 1 Bo Horvat                Brad Marchand            Adrian Kempe             60     1   2  2  
 2 Tomas Hertl              Joel Eriksson Ek         Frank Vatrano            40     1   2  2  

PowerPlay Defense
   Defense                  Defense                                           Time % Phy DF OF 
 1 Victor Hedman            Kirill Kaprizov                                   60     1   2  2  
 2 Matt Dumba               Shea Theodore                                     40     1   2  2  

Penalty Kill 4 Players Forward 
   Center                   Wing                     Time % Phy DF OF 
 1 Adam Lowry               Brad Marchand            60     1   2  2  
 2 Joel Eriksson Ek         Andrew Peeke             40     1   2  2  

Penalty Kill 4 Players Defense
   Defense                  Defense                  Time % Phy DF OF 
 1 Victor Hedman            Andrew Peeke             60     1   2  2  
 2 Matt Dumba               Shea Theodore            40     1   2  2  

Penalty Kill - 3 Players Forward 
   Forward                                           Time % Phy DF OF 
 1 Adam Lowry                                        60     1   2  2  
 2 Joel Eriksson Ek                                  40     1   2  2  

Penalty Kill - 3 Players Defense
   Defense                  Defense                  Time % Phy DF OF 
 1 Victor Hedman            Andrew Peeke             60     1   2  2  
 2 Matt Dumba               Shea Theodore            40     1   2  2  

4 vs 4 Forward 
   Center                   Wing                     Time % Phy DF OF 
 1 Bo Horvat                Brad Marchand            60     1   2  2  
 2 Joel Eriksson Ek         Adrian Kempe             40     1   2  2  

4 vs 4 Defense
   Defense                  Defense                  Time % Phy DF OF 
 1 Victor Hedman            Shea Theodore            60     1   2  2  
 2 Andrew Peeke             Matt Dumba               40     1   2  2  

Last Minutes Offensive
   Center                   Left Wing                Right Wing               Defense                  Defense                  
   Bo Horvat                Kirill Kaprizov          Andrew Peeke             Victor Hedman            Shea Theodore            

Last Minutes Defensive
   Center                   Left Wing                Right Wing               Defense                  Defense                  
   Bo Horvat                Brad Marchand            Adrian Kempe             Victor Hedman            Andrew Peeke             

Goaltenders
Starting : Tristan Jarry            
Backup : Casey DeSmith            

Extra Forwards
Normal : Kirill Kaprizov, Tomas Hertl, Brad Marchand - PP : Kirill Kaprizov, Tomas Hertl - PK : Adam Lowry
Extra Defensemen
Normal : Victor Hedman, Shea Theodore, Matt Dumba - PP : Victor Hedman - PK : Andrew Peeke, Victor Hedman
Penalty Shots
Bo Horvat, Adrian Kempe, Kirill Kaprizov, Tomas Hertl, Brad Marchand

Scratches
None


% Time on Ice - PITTSBURGH Penguins

Lines # - Real PCT - Wanted PCT - Time Play
Normal Forward
1 - 30% - 34% - 13:10
2 - 28% - 30% - 12:08
3 - 26% - 24% - 11:06
4 - 16% - 12% - 6:54
Normal Defense
1 - 38% - 38% - 16:38
2 - 36% - 36% - 15:27
3 - 25% - 26% - 10:44
4 - 1% - 0% - 0:29
PP Forward
1 - 56% - 65% - 6:07
2 - 44% - 35% - 4:46
PP Defense
1 - 56% - 65% - 6:03
2 - 44% - 35% - 4:50
PK Forward
1 - 74% - 60% - 4:17
2 - 26% - 40% - 1:32
PK Defense
1 - 44% - 60% - 2:33
2 - 56% - 40% - 3:16
PK3 Forward
1 - 0% - 50%
2 - 0% - 50%
PK3 Defense
1 - 0% - 70%
2 - 0% - 30%
44 Forward
1 - 0% - 60%
2 - 0% - 40%
44 Defense
1 - 0% - 58%
2 - 0% - 42%
Last Minute Offensive  - 0:00
Last Minute Defensive  - 0:00
Total
Forward - 60:00
Defense - 60:00

% Time on Ice - BOSTON Bruins

Lines # - Real PCT - Wanted PCT - Time Play
Normal Forward
1 - 33% - 38% - 14:12
2 - 31% - 34% - 13:18
3 - 26% - 20% - 11:10
4 - 11% - 8% - 4:38
Normal Defense
1 - 34% - 43% - 14:41
2 - 31% - 41% - 13:29
3 - 35% - 16% - 15:08
4 - 0% - 0% - 0:00
PP Forward
1 - 54% - 60% - 3:09
2 - 46% - 40% - 2:40
PP Defense
1 - 53% - 60% - 3:06
2 - 47% - 40% - 2:43
PK Forward
1 - 77% - 60% - 8:22
2 - 23% - 40% - 2:31
PK Defense
1 - 65% - 60% - 7:05
2 - 35% - 40% - 3:48
PK3 Forward
1 - 0% - 60%
2 - 0% - 40%
PK3 Defense
1 - 0% - 60%
2 - 0% - 40%
44 Forward
1 - 0% - 60%
2 - 0% - 40%
44 Defense
1 - 0% - 60%
2 - 0% - 40%
Last Minute Offensive  - 0:00
Last Minute Defensive  - 0:00
Total
Forward - 60:00
Defense - 60:00

Play-by-Play

1st period


0:01 of 1st period - Evgeni Malkin wins face-off versus Bo Horvat in neutral zone.
0:14 of 1st period - Adrian Kempe is hit by Brandon Carlo and loses puck.
0:24 of 1st period - Adrian Kempe is hit by Brandon Carlo and loses puck.
0:29 of 1st period - Shot by Adrian Kempe.
0:29 of 1st period - Shot Misses the Net.
0:31 of 1st period - Shot by Bo Horvat.
0:31 of 1st period - Stopped by Cam Talbot without a rebound.
0:32 of 1st period - Joel Eriksson Ek wins face-off versus Jake Guentzel in PITTSBURGH Penguins zone.
0:33 of 1st period - Shot by Frank Vatrano.
0:33 of 1st period - Shot Misses the Net.
0:35 of 1st period - Shot by Andrew Peeke.
0:35 of 1st period - Shot Blocked by Connor Clifton.
0:37 of 1st period - Shot by Frank Vatrano.
0:37 of 1st period - Shot Blocked by Connor Clifton.
0:39 of 1st period - Shot by Matt Dumba.
0:39 of 1st period - Stopped by Cam Talbot without a rebound.
0:40 of 1st period - Tomas Hertl wins face-off versus Jesse Puljujarvi in PITTSBURGH Penguins zone.
1:16 of 1st period - Icing by Tomas Hertl.
1:17 of 1st period - Jordan Staal wins face-off versus Tomas Hertl in BOSTON Bruins zone.
1:20 of 1st period - Shot by Adam Pelech.
1:20 of 1st period - Shot Misses the Net.
1:50 of 1st period - Shot by Kirill Kaprizov.
1:50 of 1st period - Shot Misses the Net.
1:52 of 1st period - Shot by Joel Eriksson Ek.
1:52 of 1st period - Stopped by Cam Talbot without a rebound.
1:53 of 1st period - Bo Horvat wins face-off versus Gabriel Vilardi in PITTSBURGH Penguins zone.
1:57 of 1st period - Brad Marchand is hit by Thomas Chabot and loses puck.
2:00 of 1st period - Shot by Brad Marchand.
2:00 of 1st period - Shot Blocked by Brandon Carlo.
2:02 of 1st period - Shot by Bo Horvat.
2:02 of 1st period - Shot Blocked by Yakov Trenin.
2:04 of 1st period - Shot by Victor Hedman.
2:04 of 1st period - Shot Misses the Net.
2:06 of 1st period - Shot by Victor Hedman.
2:06 of 1st period - Stopped by Cam Talbot without a rebound.
2:07 of 1st period - Joel Eriksson Ek wins face-off versus Evgeni Malkin in PITTSBURGH Penguins zone.
2:41 of 1st period - Shot by Jason Robertson.
2:41 of 1st period - Stopped by Tristan Jarry without a rebound.
2:42 of 1st period - Bo Horvat wins face-off versus Gabriel Vilardi in BOSTON Bruins zone.
3:06 of 1st period - Shot by Adrian Kempe.
3:06 of 1st period - Shot Misses the Net.
3:08 of 1st period - Shot by Brad Marchand.
3:08 of 1st period - Shot Misses the Net.
3:10 of 1st period - Shot by Victor Hedman.
3:10 of 1st period - Stopped by Cam Talbot with a rebound.
3:12 of 1st period - Shot by Brad Marchand.
3:12 of 1st period - Shot Misses the Net.
3:14 of 1st period - Shot by Adrian Kempe.
3:14 of 1st period - Stopped by Cam Talbot without a rebound.
3:15 of 1st period - Adam Lowry wins face-off versus Jordan Staal in PITTSBURGH Penguins zone.
3:20 of 1st period - Shot by Michael Pezzetta.
3:20 of 1st period - Stopped by Cam Talbot without a rebound.
3:21 of 1st period - Barclay Goodrow wins face-off versus Joel Eriksson Ek in PITTSBURGH Penguins zone.
3:26 of 1st period - Andrew Peeke is hit by Barclay Goodrow and loses puck.
3:39 of 1st period - Shot by Frank Vatrano.
3:39 of 1st period - Shot Misses the Net.
3:49 of 1st period - Shot by Frank Vatrano.
3:49 of 1st period - Shot Blocked by Adam Pelech.
3:57 of 1st period - Shot by Kirill Kaprizov.
3:57 of 1st period - Shot Blocked by Adam Pelech.
3:59 of 1st period - Shot by Andrew Peeke.
3:59 of 1st period - Stopped by Cam Talbot without a rebound.
4:00 of 1st period - Adam Lowry wins face-off versus Patrik Laine in PITTSBURGH Penguins zone.
4:01 of 1st period - Shot by Victor Hedman.
4:01 of 1st period - Deflect By Phil Kessel.
4:01 of 1st period - Stopped by Cam Talbot without a rebound.
4:02 of 1st period - Bo Horvat wins face-off versus Jordan Staal in PITTSBURGH Penguins zone.
4:09 of 1st period - Shot by Adrian Kempe.
4:09 of 1st period - Stopped by Cam Talbot without a rebound.
4:10 of 1st period - Evgeni Malkin wins face-off versus Adam Lowry in PITTSBURGH Penguins zone.
4:24 of 1st period - Icing by Adam Lowry.
4:25 of 1st period - Jordan Staal wins face-off versus Adam Lowry in BOSTON Bruins zone.
4:51 of 1st period - Minor Penalty to Victor Hedman for Cross-checking.
4:52 of 1st period - Barclay Goodrow wins face-off versus Adam Lowry in BOSTON Bruins zone.
4:53 of 1st period - Shot by Thomas Chabot.
4:53 of 1st period - Stopped by Tristan Jarry without a rebound.
4:54 of 1st period - Adam Lowry wins face-off versus Evgeni Malkin in BOSTON Bruins zone.
5:00 of 1st period - Icing by Jason Robertson.
5:01 of 1st period - Adam Lowry wins face-off versus Evgeni Malkin in PITTSBURGH Penguins zone.
5:14 of 1st period - Shot by Patrik Laine.
5:14 of 1st period - Shot Misses the Net.
5:16 of 1st period - Shot by Evgeni Malkin.
5:16 of 1st period - Goal by Evgeni Malkin - PITTSBURGH Penguins : 1 - BOSTON Bruins : 0.
5:17 of 1st period - Tanner Pearson wins face-off versus Joel Eriksson Ek in neutral zone.
5:17 of 1st period - Tanner Pearson is hit by Joel Eriksson Ek.
6:14 of 1st period - Shot by Jason Robertson.
6:14 of 1st period - Shot Misses the Net.
6:29 of 1st period - Minor Penalty to Brad Marchand for Slashing.
6:30 of 1st period - Adam Lowry wins face-off versus Evgeni Malkin in BOSTON Bruins zone.
6:36 of 1st period - Icing by Thomas Chabot.
6:37 of 1st period - Adam Lowry wins face-off versus Evgeni Malkin in PITTSBURGH Penguins zone.
7:56 of 1st period - Shot by Adam Pelech.
7:56 of 1st period - Deflect By Barclay Goodrow.
7:56 of 1st period - Shot Misses the Net.
8:38 of 1st period - Shot by Bo Horvat.
8:38 of 1st period - Stopped by Cam Talbot without a rebound.
8:39 of 1st period - Gabriel Vilardi wins face-off versus Bo Horvat in PITTSBURGH Penguins zone.
8:39 of 1st period - Nate Schmidt is hit by Brad Marchand.
8:57 of 1st period - Shot by Yakov Trenin.
8:57 of 1st period - Stopped by Tristan Jarry without a rebound.
8:58 of 1st period - Adam Lowry wins face-off versus Jordan Staal in BOSTON Bruins zone.
9:03 of 1st period - Jordan Staal is hit by Michael Pezzetta and loses puck.
9:22 of 1st period - Shot by Jake Guentzel.
9:22 of 1st period - Shot Blocked by Andrew Peeke.
9:24 of 1st period - Shot by Brandon Carlo.
9:24 of 1st period - Stopped by Tristan Jarry without a rebound.
9:25 of 1st period - Evgeni Malkin wins face-off versus Bo Horvat in BOSTON Bruins zone.
9:40 of 1st period - Shot by Adrian Kempe.
9:40 of 1st period - Shot Blocked by Evgeni Malkin.
9:42 of 1st period - Shot by Adrian Kempe.
9:42 of 1st period - Stopped by Cam Talbot without a rebound.
9:43 of 1st period - Tomas Hertl wins face-off versus Barclay Goodrow in PITTSBURGH Penguins zone.
9:54 of 1st period - Shot by Nathan Walker.
9:54 of 1st period - Shot Misses the Net.
9:56 of 1st period - Shot by Victor Hedman.
9:56 of 1st period - Stopped by Cam Talbot without a rebound.
9:57 of 1st period - Evgeni Malkin wins face-off versus Bo Horvat in PITTSBURGH Penguins zone.
9:57 of 1st period - Evgeni Malkin is hit by Adrian Kempe.
10:00 of 1st period - Jason Robertson is hit by Adrian Kempe.
10:40 of 1st period - Shot by Adrian Kempe.
10:40 of 1st period - Stopped by Cam Talbot without a rebound.
10:41 of 1st period - Jordan Staal wins face-off versus Tomas Hertl in PITTSBURGH Penguins zone.
10:48 of 1st period - Shot by Tomas Hertl.
10:48 of 1st period - Stopped by Cam Talbot without a rebound.
10:49 of 1st period - Jordan Staal wins face-off versus Kirill Kaprizov in PITTSBURGH Penguins zone.
13:50 of 1st period - Shot by Kirill Kaprizov.
13:50 of 1st period - Shot Misses the Net.
13:52 of 1st period - Shot by Victor Hedman.
13:52 of 1st period - Stopped by Cam Talbot without a rebound.
13:53 of 1st period - Jordan Staal wins face-off versus Frank Vatrano in PITTSBURGH Penguins zone.
13:53 of 1st period - Connor Clifton is hit by Frank Vatrano and loses puck.
14:01 of 1st period - Minor Penalty to Jordan Staal for Holding.
14:02 of 1st period - Evgeni Malkin wins face-off versus Bo Horvat in PITTSBURGH Penguins zone.
14:02 of 1st period - Evgeni Malkin is hit by Bo Horvat.
14:13 of 1st period - Kirill Kaprizov is hit by Brandon Carlo and loses puck.
14:20 of 1st period - Shot by Adrian Kempe.
14:20 of 1st period - Stopped by Cam Talbot without a rebound.
14:21 of 1st period - Joel Eriksson Ek wins face-off versus Evgeni Malkin in PITTSBURGH Penguins zone.
14:21 of 1st period - Joel Eriksson Ek is hit by Thomas Chabot.
14:35 of 1st period - Shot by Frank Vatrano.
14:35 of 1st period - Shot Misses the Net.
15:27 of 1st period - Shot by Bo Horvat.
15:27 of 1st period - Stopped by Cam Talbot without a rebound.
15:28 of 1st period - Bo Horvat wins face-off versus Barclay Goodrow in PITTSBURGH Penguins zone.
15:58 of 1st period - Shot by Brad Marchand.
15:58 of 1st period - Stopped by Cam Talbot without a rebound.
15:59 of 1st period - Tomas Hertl wins face-off versus Evgeni Malkin in PITTSBURGH Penguins zone.
16:26 of 1st period - Shot by Adam Lowry.
16:26 of 1st period - Stopped by Cam Talbot without a rebound.
16:27 of 1st period - Blake Wheeler wins face-off versus Jake Guentzel in PITTSBURGH Penguins zone.
17:14 of 1st period - Icing by Victor Hedman.
17:15 of 1st period - Tomas Hertl wins face-off versus Evgeni Malkin in BOSTON Bruins zone.
17:49 of 1st period - Icing by Victor Hedman.
17:50 of 1st period - Tomas Hertl wins face-off versus Barclay Goodrow in BOSTON Bruins zone.
17:50 of 1st period - Tomas Hertl is hit by Barclay Goodrow.
18:02 of 1st period - Off-side.
18:03 of 1st period - Jordan Staal wins face-off versus Bo Horvat in neutral zone.
18:03 of 1st period - Thomas Chabot is hit by Adrian Kempe and loses puck.
18:34 of 1st period - Shot by Bo Horvat.
18:34 of 1st period - Stopped by Cam Talbot without a rebound.
18:35 of 1st period - Evgeni Malkin wins face-off versus Joel Eriksson Ek in PITTSBURGH Penguins zone.
19:27 of 1st period - Icing by Joel Eriksson Ek.
19:28 of 1st period - Jordan Staal wins face-off versus Joel Eriksson Ek in BOSTON Bruins zone.
19:41 of 1st period - Shot by Jake Guentzel.
19:41 of 1st period - Shot Misses the Net.
19:50 of 1st period - Minor Penalty to Brandon Carlo for Cross-checking.
19:51 of 1st period - Evgeni Malkin wins face-off versus Bo Horvat in PITTSBURGH Penguins zone.
Goals for this period are 1 for PITTSBURGH Penguins vs 0 for BOSTON Bruins.
Shots for this period are 5 for PITTSBURGH Penguins vs 21 for BOSTON Bruins.

2nd period


0:01 of 2nd period - Evgeni Malkin wins face-off versus Bo Horvat in neutral zone.
0:26 of 2nd period - Shot by Victor Hedman.
0:26 of 2nd period - Shot Misses the Net.
0:28 of 2nd period - Shot by Adrian Kempe.
0:28 of 2nd period - Shot Misses the Net.
0:30 of 2nd period - Shot by Bo Horvat.
0:30 of 2nd period - Shot Misses the Net.
0:36 of 2nd period - Shot by Adrian Kempe.
0:36 of 2nd period - Shot Misses the Net.
0:40 of 2nd period - Shot by Bo Horvat.
0:40 of 2nd period - Deflect By Adrian Kempe.
0:40 of 2nd period - Stopped by Cam Talbot without a rebound.
0:41 of 2nd period - Tomas Hertl wins face-off versus Barclay Goodrow in PITTSBURGH Penguins zone.
0:42 of 2nd period - Shot by Matt Dumba.
0:42 of 2nd period - Stopped by Cam Talbot without a rebound.
0:43 of 2nd period - Evgeni Malkin wins face-off versus Tomas Hertl in PITTSBURGH Penguins zone.
1:19 of 2nd period - Shot by Matt Dumba.
1:19 of 2nd period - Shot Misses the Net.
2:19 of 2nd period - Shot by Phil Kessel.
2:19 of 2nd period - Stopped by Cam Talbot with a rebound.
2:21 of 2nd period - Shot by Adam Lowry.
2:21 of 2nd period - Shot Misses the Net.
2:23 of 2nd period - Shot by Adam Lowry.
2:23 of 2nd period - Shot Hit the Post.
2:52 of 2nd period - Shot by Bo Horvat.
2:52 of 2nd period - Stopped by Cam Talbot without a rebound.
2:53 of 2nd period - Tomas Hertl wins face-off versus Jake Guentzel in PITTSBURGH Penguins zone.
3:08 of 2nd period - Shot by Blake Wheeler.
3:08 of 2nd period - Deflect By Tomas Hertl.
3:08 of 2nd period - Stopped by Cam Talbot with a rebound.
3:10 of 2nd period - Shot by Tomas Hertl.
3:10 of 2nd period - Stopped by Cam Talbot without a rebound.
3:11 of 2nd period - Adrian Kempe wins face-off versus Evgeni Malkin in PITTSBURGH Penguins zone.
3:29 of 2nd period - Bo Horvat is hit by Nate Schmidt and loses puck.
3:33 of 2nd period - Bo Horvat is hit by Robert Bortuzzo.
3:35 of 2nd period - Shot by Brad Marchand.
3:35 of 2nd period - Deflect By Adrian Kempe.
3:35 of 2nd period - Stopped by Cam Talbot with a rebound.
3:37 of 2nd period - Shot by Bo Horvat.
3:37 of 2nd period - Deflect By Adrian Kempe.
3:37 of 2nd period - Stopped by Cam Talbot with a rebound.
3:41 of 2nd period - Shot by Bo Horvat.
3:41 of 2nd period - Shot Misses the Net.
3:51 of 2nd period - Shot by Bo Horvat.
3:51 of 2nd period - Shot Misses the Net.
3:53 of 2nd period - Shot by Andrew Peeke.
3:53 of 2nd period - Shot Misses the Net.
4:06 of 2nd period - Minor Penalty to Frank Vatrano for Cross-checking.
4:07 of 2nd period - Barclay Goodrow wins face-off versus Adam Lowry in BOSTON Bruins zone.
4:16 of 2nd period - Shot by Thomas Chabot.
4:16 of 2nd period - Stopped by Tristan Jarry without a rebound.
4:17 of 2nd period - Adam Lowry wins face-off versus Jordan Kyrou in BOSTON Bruins zone.
4:28 of 2nd period - Victor Hedman is hit by Barclay Goodrow and loses puck.
4:35 of 2nd period - Shot by Thomas Chabot.
4:35 of 2nd period - Shot Misses the Net.
4:37 of 2nd period - Shot by Patrik Laine.
4:37 of 2nd period - Shot Blocked by Victor Hedman.
4:39 of 2nd period - Shot by Tanner Pearson.
4:39 of 2nd period - Goal by Tanner Pearson - PITTSBURGH Penguins : 2 - BOSTON Bruins : 0.
4:40 of 2nd period - Joel Eriksson Ek wins face-off versus Gabriel Vilardi in neutral zone.
4:55 of 2nd period - Shot by Joel Eriksson Ek.
4:55 of 2nd period - Shot Misses the Net.
4:57 of 2nd period - Shot by Joel Eriksson Ek.
4:57 of 2nd period - Stopped by Cam Talbot without a rebound.
4:58 of 2nd period - Barclay Goodrow wins face-off versus Tomas Hertl in PITTSBURGH Penguins zone.
5:04 of 2nd period - Off-side.
5:05 of 2nd period - Barclay Goodrow wins face-off versus Joel Eriksson Ek in neutral zone.
5:05 of 2nd period - Barclay Goodrow is hit by Joel Eriksson Ek.
5:09 of 2nd period - Shea Theodore is hit by Barclay Goodrow and loses puck.
5:38 of 2nd period - Shot by Barclay Goodrow.
5:38 of 2nd period - Shot Misses the Net.
5:40 of 2nd period - Shot by Adam Pelech.
5:40 of 2nd period - Shot Blocked by Shea Theodore.
5:42 of 2nd period - Shot by Adam Pelech.
5:42 of 2nd period - Shot Blocked by Joel Eriksson Ek.
5:44 of 2nd period - Shot by Barclay Goodrow.
5:44 of 2nd period - Stopped by Tristan Jarry with a rebound.
5:46 of 2nd period - Shot by Adam Pelech.
5:46 of 2nd period - Stopped by Tristan Jarry without a rebound.
5:47 of 2nd period - Bo Horvat wins face-off versus Evgeni Malkin in BOSTON Bruins zone.
5:49 of 2nd period - Matt Dumba is hit by Jason Robertson and loses puck.
5:56 of 2nd period - Shot by Jordan Kyrou.
5:56 of 2nd period - Shot Misses the Net.
5:58 of 2nd period - Shot by Jason Robertson.
5:58 of 2nd period - Shot Misses the Net.
6:06 of 2nd period - Jason Robertson is hit by Bo Horvat and loses puck.
6:36 of 2nd period - Minor Penalty to Jordan Staal for Roughing.
6:37 of 2nd period - Tomas Hertl wins face-off versus Barclay Goodrow in PITTSBURGH Penguins zone.
6:42 of 2nd period - Shot by Victor Hedman.
6:42 of 2nd period - Goal by Victor Hedman - PITTSBURGH Penguins : 2 - BOSTON Bruins : 1.
6:43 of 2nd period - Joel Eriksson Ek wins face-off versus Jordan Staal in neutral zone.
6:43 of 2nd period - Shea Theodore is hit by Jordan Staal.
7:26 of 2nd period - Jordan Staal is hit by Victor Hedman and loses puck.
8:10 of 2nd period - Icing by Nate Schmidt.
8:11 of 2nd period - Tomas Hertl wins face-off versus Tanner Pearson in PITTSBURGH Penguins zone.
8:11 of 2nd period - Tomas Hertl is hit by Robert Bortuzzo.
8:13 of 2nd period - Shot by Blake Wheeler.
8:13 of 2nd period - Shot Misses the Net.
8:18 of 2nd period - Off-side.
8:19 of 2nd period - Evgeni Malkin wins face-off versus Tomas Hertl in neutral zone.
8:27 of 2nd period - Brad Hunt is hit by Jordan Kyrou.
9:01 of 2nd period - Shot by Evgeni Malkin.
9:01 of 2nd period - Stopped by Tristan Jarry without a rebound.
9:02 of 2nd period - Jordan Staal wins face-off versus Bo Horvat in BOSTON Bruins zone.
9:02 of 2nd period - Jordan Staal is hit by Andrew Peeke.
9:03 of 2nd period - Minor Penalty to Andrew Peeke for Roughing.
9:04 of 2nd period - Adam Lowry wins face-off versus Barclay Goodrow in BOSTON Bruins zone.
9:39 of 2nd period - Shot by Nate Schmidt.
9:39 of 2nd period - Shot Misses the Net.
10:03 of 2nd period - Shot by Jake Guentzel.
10:03 of 2nd period - Deflect By Jason Robertson.
10:03 of 2nd period - Shot Misses the Net.
10:05 of 2nd period - Shot by Thomas Chabot.
10:05 of 2nd period - Stopped by Tristan Jarry without a rebound.
10:06 of 2nd period - Evgeni Malkin wins face-off versus Joel Eriksson Ek in BOSTON Bruins zone.
10:09 of 2nd period - Shot by Patrik Laine.
10:09 of 2nd period - Stopped by Tristan Jarry without a rebound.
10:10 of 2nd period - Adam Lowry wins face-off versus Evgeni Malkin in BOSTON Bruins zone.
10:19 of 2nd period - Shot by Joel Eriksson Ek.
10:19 of 2nd period - Shot Misses the Net.
10:42 of 2nd period - Joel Eriksson Ek is hit by Thomas Chabot and loses puck.
11:00 of 2nd period - Off-side.
11:01 of 2nd period - Barclay Goodrow wins face-off versus Adam Lowry in neutral zone.
11:25 of 2nd period - Gabriel Vilardi is hit by Jaycob Megna and loses puck.
11:36 of 2nd period - Shot by Gabriel Vilardi.
11:36 of 2nd period - Shot Hit the Post.
12:45 of 2nd period - Brandon Carlo is hit by Andrew Peeke and loses puck.
12:58 of 2nd period - Shot by Andrew Peeke.
12:58 of 2nd period - Shot Misses the Net.
13:11 of 2nd period - Icing by Thomas Chabot.
13:12 of 2nd period - Adam Lowry wins face-off versus Barclay Goodrow in PITTSBURGH Penguins zone.
13:45 of 2nd period - Adam Lowry is hit by Robert Bortuzzo and loses puck.
14:02 of 2nd period - Shot by Jake Guentzel.
14:02 of 2nd period - Stopped by Tristan Jarry with a rebound.
15:28 of 2nd period - Shot by Joel Eriksson Ek.
15:28 of 2nd period - Stopped by Cam Talbot without a rebound.
15:29 of 2nd period - Tomas Hertl wins face-off versus Evgeni Malkin in PITTSBURGH Penguins zone.
15:29 of 2nd period - Victor Hedman is hit by Adam Pelech and loses puck.
15:40 of 2nd period - Blake Wheeler is hit by Evgeni Malkin and loses puck.
15:51 of 2nd period - Shot by Jordan Kyrou.
15:51 of 2nd period - Shot Misses the Net.
15:53 of 2nd period - Shot by Connor Clifton.
15:53 of 2nd period - Shot Misses the Net.
16:03 of 2nd period - Shot by Jordan Kyrou.
16:03 of 2nd period - Deflect By Jason Robertson.
16:03 of 2nd period - Shot Blocked by Victor Hedman.
16:11 of 2nd period - Shot by Evgeni Malkin.
16:11 of 2nd period - Stopped by Tristan Jarry with a rebound.
16:13 of 2nd period - Shot by Adam Pelech.
16:13 of 2nd period - Stopped by Tristan Jarry with a rebound.
16:28 of 2nd period - Icing by Barclay Goodrow.
16:29 of 2nd period - Bo Horvat wins face-off versus Barclay Goodrow in PITTSBURGH Penguins zone.
16:37 of 2nd period - Icing by Barclay Goodrow.
16:38 of 2nd period - Barclay Goodrow wins face-off versus Bo Horvat in PITTSBURGH Penguins zone.
17:57 of 2nd period - Jason Robertson is hit by Jaycob Megna and loses puck.
18:07 of 2nd period - Icing by Joel Eriksson Ek.
18:08 of 2nd period - Jordan Staal wins face-off versus Joel Eriksson Ek in BOSTON Bruins zone.
18:09 of 2nd period - Shot by Patrik Laine.
18:09 of 2nd period - Stopped by Tristan Jarry with a rebound.
18:25 of 2nd period - Shot by Jake Guentzel.
18:25 of 2nd period - Shot Misses the Net.
18:27 of 2nd period - Shot by Robert Bortuzzo.
18:27 of 2nd period - Stopped by Tristan Jarry with a rebound.
18:29 of 2nd period - Shot by Jordan Staal.
18:29 of 2nd period - Stopped by Tristan Jarry without a rebound.
18:30 of 2nd period - Blake Wheeler wins face-off versus Barclay Goodrow in BOSTON Bruins zone.
18:30 of 2nd period - Blake Wheeler is hit by Jesse Puljujarvi.
19:43 of 2nd period - Shot by Brad Marchand.
19:43 of 2nd period - Stopped by Cam Talbot without a rebound.
19:44 of 2nd period - Joel Eriksson Ek wins face-off versus Jordan Staal in PITTSBURGH Penguins zone.
19:45 of 2nd period - Shot by Frank Vatrano.
19:45 of 2nd period - Stopped by Cam Talbot with a rebound.
19:47 of 2nd period - Shot by Jaycob Megna.
19:47 of 2nd period - Stopped by Cam Talbot without a rebound.
19:48 of 2nd period - Bo Horvat wins face-off versus Jordan Staal in PITTSBURGH Penguins zone.
Goals for this period are 1 for PITTSBURGH Penguins vs 1 for BOSTON Bruins.
Shots for this period are 13 for PITTSBURGH Penguins vs 14 for BOSTON Bruins.

3rd period


0:01 of 3rd period - Bo Horvat wins face-off versus Evgeni Malkin in neutral zone.
0:14 of 3rd period - Shot by Jason Robertson.
0:14 of 3rd period - Shot Misses the Net.
0:16 of 3rd period - Shot by Brandon Carlo.
0:16 of 3rd period - Goal by Brandon Carlo - PITTSBURGH Penguins : 3 - BOSTON Bruins : 1.
0:17 of 3rd period - Jordan Staal wins face-off versus Joel Eriksson Ek in neutral zone.
0:49 of 3rd period - Victor Hedman is hit by Connor Clifton and loses puck.
0:57 of 3rd period - Icing by Adam Pelech.
0:58 of 3rd period - Jordan Staal wins face-off versus Bo Horvat in PITTSBURGH Penguins zone.
0:58 of 3rd period - Jordan Staal is hit by Bo Horvat.
1:12 of 3rd period - Shot by Bo Horvat.
1:12 of 3rd period - Stopped by Cam Talbot without a rebound.
1:13 of 3rd period - Blake Wheeler wins face-off versus Evgeni Malkin in PITTSBURGH Penguins zone.
1:38 of 3rd period - Shot by Nathan Walker.
1:38 of 3rd period - Shot Misses the Net.
2:27 of 3rd period - Shot by Barclay Goodrow.
2:27 of 3rd period - Shot Misses the Net.
4:02 of 3rd period - Minor Penalty to Brad Marchand for Holding.
4:03 of 3rd period - Barclay Goodrow wins face-off versus Frank Vatrano in BOSTON Bruins zone.
4:06 of 3rd period - Shot by Thomas Chabot.
4:06 of 3rd period - Shot Misses the Net.
4:08 of 3rd period - Shot by Barclay Goodrow.
4:08 of 3rd period - Shot Blocked by Victor Hedman.
4:10 of 3rd period - Shot by Barclay Goodrow.
4:10 of 3rd period - Shot Misses the Net.
4:12 of 3rd period - Shot by Thomas Chabot.
4:12 of 3rd period - Stopped by Tristan Jarry without a rebound.
4:13 of 3rd period - Evgeni Malkin wins face-off versus Frank Vatrano in BOSTON Bruins zone.
4:30 of 3rd period - Shot by Jake Guentzel.
4:30 of 3rd period - Shot Misses the Net.
5:32 of 3rd period - Off-side.
5:33 of 3rd period - Adam Lowry wins face-off versus Jake Guentzel in neutral zone.
5:36 of 3rd period - Adam Pelech is hit by Frank Vatrano and loses puck.
6:01 of 3rd period - Shot by Evgeni Malkin.
6:01 of 3rd period - Shot Blocked by Matt Dumba.
6:03 of 3rd period - Shot by Yakov Trenin.
6:03 of 3rd period - Shot Misses the Net.
6:05 of 3rd period - Shot by Brandon Carlo.
6:05 of 3rd period - Stopped by Tristan Jarry with a rebound.
6:33 of 3rd period - Shot by Yakov Trenin.
6:33 of 3rd period - Shot Misses the Net.
6:35 of 3rd period - Shot by Alexander Volkov.
6:35 of 3rd period - Shot Blocked by Shea Theodore.
6:37 of 3rd period - Shot by Gabriel Vilardi.
6:37 of 3rd period - Deflect By Yakov Trenin.
6:37 of 3rd period - Shot Misses the Net.
7:04 of 3rd period - Shot by Barclay Goodrow.
7:04 of 3rd period - Stopped by Tristan Jarry without a rebound.
7:05 of 3rd period - Evgeni Malkin wins face-off versus Joel Eriksson Ek in BOSTON Bruins zone.
7:34 of 3rd period - Shot by Joel Eriksson Ek.
7:34 of 3rd period - Shot Blocked by Connor Clifton.
7:36 of 3rd period - Shot by Kirill Kaprizov.
7:36 of 3rd period - Shot Misses the Net.
7:38 of 3rd period - Shot by Joel Eriksson Ek.
7:38 of 3rd period - Shot Misses the Net.
7:46 of 3rd period - Shot by Joel Eriksson Ek.
7:46 of 3rd period - Stopped by Cam Talbot without a rebound.
7:47 of 3rd period - Adam Lowry wins face-off versus Jordan Staal in PITTSBURGH Penguins zone.
7:54 of 3rd period - Shot by Michael Pezzetta.
7:54 of 3rd period - Stopped by Cam Talbot with a rebound.
8:00 of 3rd period - Shot by Jake Guentzel.
8:00 of 3rd period - Shot Blocked by Jaycob Megna.
8:24 of 3rd period - Patrik Laine is hit by Jaycob Megna and loses puck.
8:26 of 3rd period - Minor Penalty to Jaycob Megna for Interference.
8:27 of 3rd period - Barclay Goodrow wins face-off versus Adam Lowry in BOSTON Bruins zone.
8:37 of 3rd period - Shot by Thomas Chabot.
8:37 of 3rd period - Stopped by Tristan Jarry without a rebound.
8:38 of 3rd period - Adam Lowry wins face-off versus Jason Robertson in BOSTON Bruins zone.
9:03 of 3rd period - Shot by Jake Guentzel.
9:03 of 3rd period - Stopped by Tristan Jarry without a rebound.
9:04 of 3rd period - Barclay Goodrow wins face-off versus Joel Eriksson Ek in BOSTON Bruins zone.
9:29 of 3rd period - Brad Marchand is hit by Barclay Goodrow.
9:50 of 3rd period - Off-side.
9:51 of 3rd period - Evgeni Malkin wins face-off versus Joel Eriksson Ek in neutral zone.
9:54 of 3rd period - Andrew Peeke is hit by Evgeni Malkin and loses puck.
10:13 of 3rd period - Shot by Jason Robertson.
10:13 of 3rd period - Shot Blocked by Matt Dumba.
10:15 of 3rd period - Shot by Patrik Laine.
10:15 of 3rd period - Stopped by Tristan Jarry without a rebound.
10:16 of 3rd period - Joel Eriksson Ek wins face-off versus Evgeni Malkin in BOSTON Bruins zone.
10:36 of 3rd period - Icing by Blake Wheeler.
10:37 of 3rd period - Tomas Hertl wins face-off versus Barclay Goodrow in BOSTON Bruins zone.
10:51 of 3rd period - Tomas Hertl is hit by Connor Clifton.
11:04 of 3rd period - Minor Penalty to Adam Pelech for High sticking.
11:05 of 3rd period - Bo Horvat wins face-off versus Evgeni Malkin in PITTSBURGH Penguins zone.
11:35 of 3rd period - Shot by Adrian Kempe.
11:35 of 3rd period - Stopped by Cam Talbot without a rebound.
11:36 of 3rd period - Tomas Hertl wins face-off versus Evgeni Malkin in PITTSBURGH Penguins zone.
11:39 of 3rd period - Shot by Shea Theodore.
11:39 of 3rd period - Stopped by Cam Talbot without a rebound.
11:40 of 3rd period - Evgeni Malkin wins face-off versus Tomas Hertl in PITTSBURGH Penguins zone.
12:47 of 3rd period - Shot by Victor Hedman.
12:47 of 3rd period - Shot Misses the Net.
12:49 of 3rd period - Shot by Bo Horvat.
12:49 of 3rd period - Goal by Bo Horvat - PITTSBURGH Penguins : 3 - BOSTON Bruins : 2.
12:50 of 3rd period - Adam Lowry wins face-off versus Gabriel Vilardi in neutral zone.
12:57 of 3rd period - Shot by Phil Kessel.
12:57 of 3rd period - Shot Misses the Net.
13:18 of 3rd period - Shot by Adam Pelech.
13:18 of 3rd period - Stopped by Tristan Jarry without a rebound.
13:19 of 3rd period - Bo Horvat wins face-off versus Jordan Staal in BOSTON Bruins zone.
13:31 of 3rd period - Jake Guentzel is hit by Shea Theodore and loses puck.
13:37 of 3rd period - Icing by Victor Hedman.
13:38 of 3rd period - Bo Horvat wins face-off versus Barclay Goodrow in BOSTON Bruins zone.
13:50 of 3rd period - Adrian Kempe is hit by Brandon Carlo and loses puck.
14:42 of 3rd period - Andrew Peeke is hit by Robert Bortuzzo and loses puck.
14:44 of 3rd period - Minor Penalty to Joel Eriksson Ek for Holding.
14:45 of 3rd period - Adam Lowry wins face-off versus Evgeni Malkin in BOSTON Bruins zone.
14:45 of 3rd period - Adam Lowry is hit by Jake Guentzel.
15:09 of 3rd period - Shot by Jake Guentzel.
15:09 of 3rd period - Shot Blocked by Victor Hedman.
15:19 of 3rd period - Shot by Adam Pelech.
15:19 of 3rd period - Shot Misses the Net.
16:06 of 3rd period - Shot by Tomas Hertl.
16:06 of 3rd period - Stopped by Cam Talbot without a rebound.
16:07 of 3rd period - Adam Lowry wins face-off versus Barclay Goodrow in PITTSBURGH Penguins zone.
16:15 of 3rd period - Icing by Jordan Kyrou.
16:16 of 3rd period - Adam Lowry wins face-off versus Barclay Goodrow in PITTSBURGH Penguins zone.
16:41 of 3rd period - Shot by Thomas Chabot.
16:41 of 3rd period - Shot Blocked by Andrew Peeke.
17:48 of 3rd period - Shot by Jordan Staal.
17:48 of 3rd period - Shot Misses the Net.
17:50 of 3rd period - Shot by Jake Guentzel.
17:50 of 3rd period - Deflect By Jordan Staal.
17:50 of 3rd period - Shot Misses the Net.
18:10 of 3rd period - Icing by Frank Vatrano.
18:11 of 3rd period - Evgeni Malkin wins face-off versus Kirill Kaprizov in BOSTON Bruins zone.
18:28 of 3rd period - Shot by Evgeni Malkin.
18:28 of 3rd period - Stopped by Tristan Jarry with a rebound.
18:31 of 3rd period - Icing by Brad Hunt.
18:32 of 3rd period - Joel Eriksson Ek wins face-off versus Barclay Goodrow in BOSTON Bruins zone.
18:34 of 3rd period - Kirill Kaprizov is hit by Jesse Puljujarvi and loses puck.
18:41 of 3rd period - Shot by Jesse Puljujarvi.
18:41 of 3rd period - Stopped by Tristan Jarry with a rebound.
18:43 of 3rd period - Shot by Barclay Goodrow.
18:43 of 3rd period - Stopped by Tristan Jarry with a rebound.
18:45 of 3rd period - Shot by Barclay Goodrow.
18:45 of 3rd period - Shot Misses the Net.
18:47 of 3rd period - Shot by Adam Pelech.
18:47 of 3rd period - Goal by Adam Pelech - PITTSBURGH Penguins : 4 - BOSTON Bruins : 2.
18:48 of 3rd period - Bo Horvat wins face-off versus Evgeni Malkin in neutral zone.
18:55 of 3rd period - Shot by Bo Horvat.
18:55 of 3rd period - Stopped by Cam Talbot without a rebound.
18:56 of 3rd period - Bo Horvat wins face-off versus Evgeni Malkin in PITTSBURGH Penguins zone.
19:12 of 3rd period - Jason Robertson is hit by Andrew Peeke and loses puck.
Goals for this period are 2 for PITTSBURGH Penguins vs 1 for BOSTON Bruins.
Shots for this period are 12 for PITTSBURGH Penguins vs 8 for BOSTON Bruins. Output by the SimonT Hockey Simulator (STHS) for Martin Benoit - Original Page W3C HTML5 Valid
Hockey Simulator - Hockey Simulation - Hockey Manager